 Dungeon Crawl Stone Soup version 0.31-a0-609-g7bf6ffcfed (webtiles) character file.

Game seed: 10738657093601759217

1635 Dittersdorf the Shield-Bearer (level 8, -8/52 HPs)
             Began as a Gargoyle Fighter on Aug 21, 2023.
             Mangled by a wight
             ... wielding a +3 dire flail of freezing
              (11 damage)
             ... on level 5 of the Dungeon.
             The game lasted 00:07:54 (5958 turns).

Dittersdorf the Shield-Bearer (Gargoyle Fighter)    Turns: 5958, Time: 00:07:54

Health: -8/52      AC: 17    Str: 22    XL:     8   Next: 98%
Magic:  8/8        EV:  8    Int:  9    God:
Gold:   671        SH:  5    Dex:  9    Spells: 7/7 levels left

rFire   . . .        a - +0 flail (venom)
rCold   . . .        c - +0 buckler
rNeg    + + .        g - +1 chain mail
rPois   ∞            (no helmet)
rElec   +            (no cloak)
rCorr   .            (no gloves)
SInv    .            (no boots)
Will    +....        v - amulet of regeneration Stlth
                     u - ring of willpower
HPRegen 1.08/turn    q - ring of positive energy
MPRegen 0.11/turn

%: no passive effects
@: no status effects
A: sickness immunity, AC +5, negative energy resistance 1, electricity
resistance, torment resistance 1, petrification resistance
a: no special abilities


You were on level 5 of the Dungeon.
You visited 1 branch of the dungeon, and saw 6 of its levels.

You collected 671 gold pieces.

Inventory:

Hand Weapons
 a - a +0 flail of venom (weapon)
 n - a +0 morningstar
Missiles
 l - 8 poisoned darts (quivered)
Armour
 b - a +1 plate armour of cold resistance
 c - a +0 buckler (worn)
 g - a +1 chain mail (worn)
Jewellery
 k - a ring of wizardry
 q - a ring of positive energy (right hand)
 s - a ring of protection from cold
 u - a ring of willpower (left hand)
 v - an amulet of regeneration (around neck)
Wands
 r - a wand of light (11)
Scrolls
 m - a scroll of teleportation
 t - a scroll of revelation
Potions
 d - a potion of might
 e - a potion of lignification {unknown}
 f - 3 potions of curing {unknown}
 h - a potion of berserk rage {unknown}
 i - a potion of degeneration {unknown}
 j - 3 potions of enlightenment {unknown}
 o - 2 potions of brilliance {unknown}
 p - a potion of ambrosia


   Skills:
 + Level 6.8 Fighting
 + Level 5.8 Maces & Flails
 + Level 6.8 Armour
 + Level 6.9 Shields


You had 7 spell levels left.
You didn't know any spells.
Your spell library contained the following spells:

 Spells                   Type           Power      Damage    Failure   Level
 Sandblast                Erth           0%         2d4       95%         1
 Passwall                 Tmut/Erth      0%         N/A       99%         2
 Poisonous Vapours        Pois/Air       0%         N/A       99%         2
 Mephitic Cloud           Conj/Pois/Air  0%         N/A       100%        3
 Stone Arrow              Conj/Erth      0%         3d7       100%        3
 Freezing Cloud           Conj/Ice/Air   0%         6-21      100%        5


Dungeon Overview and Level Annotations

Branches:
Dungeon (6/15)
 Temple: D:4-7

Altars:
Ashenzari
Fedhas
Qazlal
Sif Muna
Uskayaw
Vehumet
Wu Jian
Xom

Annotations:
D:6 exclusion: statue


Innate Abilities, Weirdness & Mutations

You are immune to sickness and miasma.
Your stone body is resilient. (AC +5)
You are immune to poison.
You resist negative energy. (rN+)
You are resistant to electric shocks. (rElec)
You are resistant to unholy torment.
You are immune to petrification.


Message History

You barely miss the wight.
The wight is almost destroyed.
The wight hits you with a +3 dire flail of freezing!
The wight freezes you. The orc hits you but does no damage.
You barely miss the wight.
The wight is almost destroyed.
The wight hits you with a +3 dire flail of freezing!
The wight freezes you. The orc hits you but does no damage.
The wight hits you with a +3 dire flail of freezing!
* * * LOW HITPOINT WARNING * * *
The wight freezes you.
* * * LOW HITPOINT WARNING * * *
You are too injured to fight recklessly!
You are too injured to fight recklessly!
You are too injured to fight recklessly!
You are too injured to fight recklessly!
You are too injured to fight recklessly!
You are too injured to fight recklessly!
You are too injured to fight recklessly!
You are too injured to fight recklessly!
You are too injured to fight recklessly!
You are too injured to fight recklessly!
You are too injured to fight recklessly!
You are too injured to fight recklessly!
You are too injured to fight recklessly!
You are too injured to fight recklessly!
You are too injured to fight recklessly!
You are too injured to fight recklessly!
You closely miss the wight.
The wight is almost destroyed.
The orc barely misses you.
The wight hits you with a +3 dire flail of freezing.
* * * LOW HITPOINT WARNING * * *
The wight freezes you.
* * * LOW HITPOINT WARNING * * *
You closely miss the wight.
The wight is almost destroyed.
The orc completely misses you.
The wight hits you with a +3 dire flail of freezing!
You die...

### ##..###..#### ### #....#####
### ##..##### ### #...._#.# .##
##..###.## .## #.....#..# .##
##._⌠##..## ..# ########..o## ..#
#.........[@# ..# #.........[z##
..####.###........#####
#...###...###...###...## ###
.###.#.....#.###.#.....## ###..
..#...#...#...#...#...#.# ##....
..#...#####...#...#####.####.....
..#...#...#...#...#...#.##.......
.###.#.....#.###.#.....##........


You could see a wight and an orc.

Vanquished Creatures
  A water moccasin (D:5)
  An orc warrior (D:6)
  A sky beast (D:4)
  A black bear (D:4)
  An ogre (D:4)
  A centaur (D:6)
  A bullfrog (D:6)
  2 scorpions
  6 wights
  2 howler monkeys (D:6)
  A jelly (D:3)
  2 hounds
  An orc priest (D:5)
  Ijyb (D:4)
  3 iguanas
  5 orc wizards
  6 adders
  A gnoll (D:6)
  2 worms
  A dart slug (D:4)
  18 orcs
  7 endoplasms
  3 giant cockroaches
  10 goblins
  8 hobgoblins
  7 jackals
  12 kobolds
  5 quokkas
  6 ball pythons
  6 bats
  5 frilled lizards
  4 rats
131 creatures vanquished.

Notes
Turn   | Place    | Note
-------+----------+-------------------------------------------
     0 | D:1      | Dittersdorf the Gargoyle Fighter began the quest for the
                  | Orb.
     0 | D:1      | Reached XP level 1. HP: 14/14 MP: 1/1
   209 | D:1      | Reached XP level 2. HP: 18/19 MP: 2/2
   954 | D:2      | Reached XP level 3. HP: 24/24 MP: 3/3
  1291 | D:2      | Reached XP level 4. HP: 22/29 MP: 4/4
  1467 | D:2      | Found a shimmering altar of Xom.
  1736 | D:3      | Identified the +5 ring mail "Hiaw" {Int+4 Slay-6}
  1857 | D:3      | Found a faded altar of an unknown god.
  1952 | D:3      | Found an ornate altar of the Wu Jian Council.
  2099 | D:3      | Reached XP level 5. HP: 12/33 MP: 5/5
  2406 | D:4      | Found a blossoming altar of Fedhas.
  2757 | D:4      | Found a hide-covered altar of Uskayaw.
  2850 | D:4      | Reached XP level 6. HP: 39/39 MP: 6/6
  3256 | D:4      | Noticed a sky beast
  3274 | D:4      | Killed a sky beast
  3277 | D:4      | Noticed a black bear
  3286 | D:4      | Killed a black bear
  3287 | D:4      | Reached skill level 5 in Fighting
  3287 | D:4      | Reached skill level 5 in Armour
  3287 | D:4      | Reached skill level 5 in Shields
  3287 | D:4      | Reached XP level 7. HP: 26/44 MP: 7/7
  3863 | D:4      | Found a hide-covered altar of Uskayaw.
  4197 | D:4      | Found a blossoming altar of Fedhas.
  4401 | D:5      | Entered Level 5 of the Dungeon
  4500 | D:5      | Noticed Ijyb
  4534 | D:4      | Killed Ijyb
  4579 | D:5      | Identified a scroll of acquirement
  4579 | D:5      | Acquired a +1 plate armour of cold resistance
  4610 | D:5      | Found a stormy altar of Qazlal.
  4613 | D:5      | Found a shimmering blue altar of Sif Muna.
  4726 | D:5      | Found a broken altar of Ashenzari.
  4911 | D:5      | Reached XP level 8. HP: 43/51 MP: 8/8
  5489 | D:6      | Found a radiant altar of Vehumet.
  5576 | D:6      | Reached skill level 5 in Maces & Flails
  5957 | D:5      | HP: 2/52 [wight/+3 dire flail of freezing (2)]
  5958 | D:5      | Mangled by a wight

Illustrated notes

Levels and vault maps discovered:
D:1:      minmay_arrival_doors, layout_basic, corexii_item_surrounded_by_moat
D:2:      layout_basic, basic_altar
D:3:      layout_basic, nzn_wu_jian_council_hall,
          shapermc_ecumenical_altar_mp_vishouse, supply_closet_lemuel,
          minmay_hedge_maze
D:4:      minmay_polygon_palace, layout_basic, fedhas_altar_4,
          lemuel_tele_altar, minmay_fountain_box
D:5:      nicolae_cairo_tiling, layout_cave_pods,
          mainiacjoe_overflow_concentric_impassable, minitemple, uniq_ijyb
D:6:      minmay_diamond_boxcup, layout_basic, vehumet_statue,
          minmay_temple_entry_large_hall

Skill      XL: |  1  2  3  4  5  6  7  8 |
---------------+-------------------------+-----
Fighting       | 4 5 6 |  6.8
Armour         | 4 5 6 |  6.8
Shields        | 4 5 6 |  6.9
Maces & Flails | 3 4 5 |  5.8

Action                     |  1- 3 |  4- 6 |  7- 9 || total
---------------------------+-------+-------+-------++-------
  Melee: Flail             |   141 |   228 |   206 ||   575
  Throw: Dart              |       |       |     9 ||     9
    Use: Scroll            |       |     1 |    10 ||    11
 Armour: Scale mail        |    22 |       |       ||    22
         Chain mail        |    92 |   161 |   148 ||   401
  Dodge: Dodged            |    80 |   100 |    93 ||   273
  Block: Buckler           |    46 |    51 |    53 ||   150

Table legend: (Time is in decaauts)
 A = Elapsed time spent in this place.
 B = Non-inter-level travel time spent in this place.
 C = Inter-level travel time spent in this place.
 D = Time resting spent in this place.
 E = Time spent auto-exploring this place.
 F = Levels seen in this place.
 G = Mean time per level.
                   A        B        C        D        E       F      G
               +--------+--------+--------+--------+--------+-----+--------+
         Total |   6104 |   5851 |    253 |    227 |   4429 |   6 | 1017.3 |
       Dungeon |   6104 |   5851 |    253 |    227 |   4429 |   6 | 1017.3 |
               +--------+--------+--------+--------+--------+-----+--------+

Top non-repeatable levels by time:
     D:4: 2269 daAuts
     D:5: 1036 daAuts
     D:1: 860 daAuts
     D:2: 800 daAuts
     D:3: 739 daAuts
     D:6: 397 daAuts
